Map: Taito Citadel LE

Players

llllllllllll

  • Race: Terran Terran
  • League: Diamond
  • Spawn Location: 5:00

PrinceAbubu - Winner!

  • Race: Zerg Zerg
  • League: Diamond
  • Spawn Location: 11:00

VOD

Have the link to the VOD?

Description

Time

  • Played on: Dec. 24, 2025, 8:21 a.m.
  • Length: 5:32
Show
View Real Time Build Order
Export as new Build Order

llllllllllll Terran 

Build Orders: Reaper Expand 

Get SALT Encoding   

  12  0:00  SCV  
  13  0:12  SCV  
  14  0:17  Supply Depot  
  14  0:24  SCV  
  15  0:38  SCV  
  15  0:40  Barracks  
  16  0:44  Refinery  
  16  0:50  SCV  
  17  1:03  SCV  
  18  1:15  SCV  
  19  1:33  Reaper  
  19  1:34  Orbital Command  
  20  1:40  Command Center  
  20  1:53  Supply Depot  
  20  2:00  SCV  
  21  2:06  Marine  
  22  2:13  Factory  
  22  2:14  SCV  
  23  2:20  Refinery  
  23  2:26  SCV  
  24  2:34  Barracks Reactor  
  24  2:38  SCV  
  25  2:50  SCV  
  26  2:52  Orbital Command  
  26  3:00  Starport  
  26  3:02  SCV  
  27  3:14  SCV  
  32  3:20  Hellion x2  
  32  3:26  SCV  
  33  3:27  Marine  
  33  3:28  SCV  
  35  3:38  SCV  
  36  3:42  Starport Tech Lab  
  36  3:43  Supply Depot, Fusion Core  
  36  3:48  Viking, Barracks Tech Lab  
  36  3:52  SCV  
  36  3:53  SCV  
  36  3:55  Hellion x2  
  44  4:00  Supply Depot  
  44  4:04  SCV  
  44  4:05  SCV, Supply Depot  
  44  4:07  Supply Depot  
  46  4:16  SCV  
  47  4:17  SCV  
  47  4:19  Hellion x2  
  47  4:23  Armory  
  52  4:28  SCV  
  52  4:29  SCV  
  54  4:41  SCV x2  
  56  4:47  Supply Depot  
  56  4:48  Hellion x2  
  56  4:49  Supply Depot  
  60  4:53  SCV  
  60  4:54  Armory  
  60  5:11  Engineering Bay  
Show
View Real Time Build Order
Export as new Build Order

PrinceAbubu Zerg - Winner!

Build Orders: Hatch First 

Get SALT Encoding   

  12  0:00  Drone  
  13  0:09  Drone  
  14  0:15  Drone, Extractor  
  15  0:23  Overlord  
  15  0:42  Drone  
  16  0:47  Hatchery  
  16  0:49  Drone  
  16  0:52  Drone  
  16  0:56  Extractor  
  16  0:57  Drone  
  17  1:12  Spawning Pool  
  16  1:20  Drone x2  
  18  1:26  Drone  
  19  1:39  Drone  
  20  1:48  Drone  
  21  1:54  Extractor  
  21  2:01  Zergling x4  
  22  2:02  Queen, Lair  
  24  2:16  Drone x2  
  26  2:28  Drone, Overlord  
  27  2:39  Drone  
  28  2:45  Queen  
  28  2:48  Drone x3  
  33  2:54  Overlord  
  33  2:55  Drone  
  34  3:06  Spire  
  34  3:07  Metabolic Boost  
  34  3:10  Extractor  
  34  3:11  Drone  
  33  3:13  Drone  
  33  3:16  Drone  
  35  3:26  Queen  
  37  3:28  Drone  
  37  3:30  Drone  
  39  3:35  Overlord  
  39  3:43  Drone x2  
  39  3:44  Drone  
  42  4:12  Mutalisk x5  
  52  4:21  Overlord x2  
  52  4:34  Hatchery  
  51  4:42  Drone x2  
  51  4:43  Drone x3  
  56  4:49  Evolution Chamber  
  55  4:53  Evolution Chamber  
Tags
 
Add a new tag
Caveats
  • Supply blocks, unpowered buildings, or Contaminate may cause inaccurate times.
  • Supply counts are checked every 10 seconds.